 Dungeon Crawl Stone Soup version 0.23.2-40-g277498a001 (webtiles) character file.

Game seed: 7025928978017478947

2572 Frank2 the Cleaver (level 9, -2/72 HPs)
             Began as a Demigod Gladiator on Sept 7, 2019.
             Slain by Duvessa
             ... wielding a +0 short sword
              (10 damage)
             ... on level 7 of the Dungeon.
             The game lasted 00:10:33 (5771 turns).

Frank2 the Cleaver (Demigod Gladiator)              Turns: 5771, Time: 00:10:34

Health: -2/72      AC:  7    Str: 17    XL:     9   Next: 10%
Magic:  11/11      EV: 14    Int: 14    God:
Gold:   246        SH:  0    Dex: 23    Spells: 8/8 levels left

rFire    . . .     SeeInvis .   B - +0 battleaxe
rCold    . . .     Gourm    .   (shield currently unavailable)
rNeg     . . .     Faith    .   j - +0 ring mail
rPois    +         Spirit   .   (helmet restricted)
rElec    .         Reflect  .   s - +0 cloak
rCorr    .         Harm     .   (no gloves)
MR       .....                  (no boots)
Stlth    ++........             (no amulet)
HPRegen  0.22/turn              l - ring of poison resistance
MPRegen  0.12/turn              o - ring of stealth

@: no status effects
A: antennae 1, clever 1, high mp 1, poison resistance
a: no special abilities


You were on level 7 of the Dungeon.
You were not hungry.

You visited 1 branch of the dungeon, and saw 7 of its levels.
You also visited: Ossuary.

You collected 246 gold pieces.

Inventory:

Hand Weapons
 B - a +0 battleaxe (weapon)
Missiles
 d - a throwing net (quivered)
Armour
 c - a +2 helmet
 j - a +0 ring mail (worn)
 s - a +0 cloak (worn)
 v - a +0 pair of boots
Jewellery
 l - a ring of poison resistance (left hand)
 o - a ring of stealth (right hand)
Wands
 p - a wand of digging (3)
 x - a wand of paralysis (9)
 A - a wand of iceblast (7)
Scrolls
 a - a scroll of fog
 e - 2 scrolls of fear
 t - a scroll of teleportation
 u - 4 scrolls of identify
 w - a scroll of remove curse
 y - 2 scrolls of blinking
 z - a scroll of magic mapping {unknown}
Potions
 b - 5 potions of haste
 g - 3 potions of heal wounds
 h - a potion of might
 i - 3 potions of lignification
 k - a potion of ambrosia {unknown}
 m - 2 potions of flight
 n - 3 potions of curing
 q - a potion of invisibility
 r - 3 potions of agility
Comestibles
 f - 9 rations


   Skills:
 + Level 4.5 Fighting
 + Level 8.5 Axes
 - Level 1.7 Throwing
 * Level 6.0 Armour
 + Level 4.5 Dodging


You had 8 spell levels left.
You didn't know any spells.
Your spell library was empty.

Dungeon Overview and Level Annotations

Branches:
Dungeon (7/15)             Temple (0/1) D:4

Shops:
D:4 ?

Annotations:
D:6 2 transporters, bildradio's ghost, novice DrWz
D:7 Duvessa


Innate Abilities, Weirdness & Mutations

You have an increased reservoir of magic. (+10% MP)
You have a pair of small antennae on your head.
Your mind is acute. (Int +2)
Your system is resistant to poisons. (rPois)


Message History

You barely miss Duvessa.
Duvessa is almost dead.
You hit the bullfrog but do no damage. The bullfrog barely misses you.
Duvessa hits you with a +0 short sword! The bullfrog hits you.
* * * LOW HITPOINT WARNING * * *
Duvessa hits you with a +0 short sword.
* * * LOW HITPOINT WARNING * * *
You barely miss Duvessa.
Duvessa is almost dead.
You slash the bullfrog!
You kill the bullfrog!
Your Armour skill increases to level 6!
Duvessa hits you with a +0 short sword.
* * * LOW HITPOINT WARNING * * *
Duvessa hits you with a +0 short sword!
* * * LOW HITPOINT WARNING * * *
You hit Duvessa but do no damage.
Duvessa is almost dead.
Duvessa hits you with a +0 short sword!
You die...

.# ## .# ##.## ## ... ##. #.
##..### ...##.. #.##.##..##
# ..#.... #...####.## #
....... #..## ##.### .......
#.## ##.... .......#####..##
#.....
..........e†.(#....###..#...
..........@........#..##.#.
#. #.........)......##...
#... #.#
#...............###....#...
...##...............#
#........
#.........##########
######### #.......÷# .Z
#......## #...
##......#..... #..e......#


You could see Duvessa (berserk).

Vanquished Creatures
  An orc warrior (D:6)
  An ice beast (D:5)
  2 phantoms (D:6)
  A centaur (D:6)
  4 ogres
  3 bullfrogs
  A wyvern zombie (D:6)
  5 water moccasin zombies (Ossuary)
  4 scorpions
  Dowan (D:7)
  A howler monkey (D:6)
  A bullfrog zombie (D:6)
  A gnoll shaman (D:6)
  An orc priest (D:6)
  A hound (D:5)
  Crazy Yiuf (D:2)
  3 iguanas
  Natasha (thrice) (D:3)
  5 orc wizards
  6 worker ants
  7 big kobold zombies (Ossuary)
  A hound skeleton (D:6)
  2 mummies (Ossuary)
  A howler monkey skeleton (D:4)
  5 gnolls (D:6)
  7 adders
  2 shadow imps
  5 adder zombies
  An adder skeleton (D:5)
  4 worms
  2 dart slugs
  2 leopard geckos (D:2)
  13 orcs
  4 giant cockroaches
  2 goblins (D:1)
  9 hobgoblins
  11 jackals
  7 kobolds
  5 quokkas
  2 ball pythons (D:2)
  5 bats
  3 frilled lizards
  A gnoll zombie (Ossuary)
  7 hobgoblin zombies (Ossuary)
  7 kobold zombies (Ossuary)
  3 orc zombies (Ossuary)
  6 rats
170 creatures vanquished.

Notes
Turn   | Place    | Note
-------+----------+-------------------------------------------
     0 | D:1      | Frank2 the Demigod Gladiator began the quest for the Orb.
     0 | D:1      | Reached XP level 1. HP: 17/17 MP: 3/3
   330 | D:1      | Reached XP level 2. HP: 24/24 MP: 4/4
   376 | D:1      | Reached skill level 3 in Axes
   908 | D:2      | Reached XP level 3. HP: 27/29 MP: 5/5
  1126 | D:2      | Reached skill level 1 in Armour
  1688 | D:2      | Found a runed translucent door.
  1689 | D:2      | Noticed Crazy Yiuf
  1739 | D:2      | Killed Crazy Yiuf
  1739 | D:2      | Reached XP level 4. HP: 19/36 MP: 2/6
  1869 | D:3      | Reached XP level 5. HP: 34/42 MP: 7/7
  1884 | D:3      | Reached skill level 4 in Axes
  1912 | D:3      | Noticed Natasha
  1922 | D:3      | Killed Natasha
  2135 | D:3      | Found an ancient bone altar of Kikubaaqudgha.
  2374 | D:3      | Noticed Natasha
  2389 | D:3      | Killed Natasha
  2442 | D:3      | Noticed Natasha
  2447 | D:3      | Killed Natasha
  2585 | D:4      | Found Aplogoah's Magic Scroll Shop.
  2642 | D:4      | Found a sand-covered staircase.
  2653 | Ossuary  | Entered an ossuary
  2689 | Ossuary  | Reached XP level 6. HP: 18/50 MP: 8/8
  3008 | Ossuary  | Reached skill level 5 in Axes
  3058 | Ossuary  | Reached XP level 7. HP: 8/57 MP: 9/9
  3490 | D:4      | Found a staircase to the Ecumenical Temple.
  3607 | D:4      | Reached skill level 6 in Axes
  3798 | D:5      | Entered Level 5 of the Dungeon
  3841 | D:5      | Found a bloodstained altar of Trog.
  3904 | D:5      | Found a sparkling altar of Nemelex Xobeh.
  3913 | D:5      | Found a burning altar of Makhleb.
  3959 | D:5      | Found a sacrificial altar of Ru.
  4000 | D:5      | Found a glowing silver altar of Zin.
  4428 | D:5      | Found a deep blue altar of Sif Muna.
  4428 | D:5      | Found an opulent altar of Gozag.
  4431 | D:5      | Found a stormy altar of Qazlal.
  4463 | D:5      | Gained mutation: You are occasionally teleported next to
                  | monsters. [potion of mutation]
  4463 | D:5      | Gained mutation: You have a pair of small antennae on your
                  | head. [potion of mutation]
  4464 | D:5      | Lost mutation: You are occasionally teleported next to
                  | monsters. [potion of mutation]
  4464 | D:5      | Gained mutation: Your system is resistant to poisons.
                  | (rPois) [potion of mutation]
  4464 | D:5      | Gained mutation: Your mind is acute. (Int +2) [potion of
                  | mutation]
  4515 | D:6      | Reached skill level 7 in Axes
  4515 | D:6      | Reached XP level 8. HP: 63/63 MP: 10/10
  4642 | D:6      | Reached skill level 5 in Armour
  5013 | D:6      | Reached skill level 8 in Axes
  5037 | D:6      | Identified a scroll of acquirement
  5149 | D:6      | Found a deep blue altar of Sif Muna.
  5293 | D:6      | Noticed a skeletal warrior
  5296 | D:6      | Found a transporter.
  5297 | D:6      | Noticed bildradio's ghost (novice DrWz)
  5301 | D:6      | Found a transporter.
  5391 | D:7      | Noticed Dowan
  5421 | D:6      | Reached XP level 9. HP: 33/72 MP: 11/11
  5759 | D:7      | Noticed Duvessa
  5768 | D:7      | Killed Dowan
  5771 | D:7      | Slain by Duvessa

Skill      XL: |  1  2  3  4  5  6  7  8  9 |
---------------+----------------------------+-----
Axes           | 3 4 5 7 8 |  8.5
Dodging        | 3 4 |  4.5
Fighting       | 2 3 4 |  4.5
Armour         | 1 2 3 4 5 6 |  6.0
Throwing       | |  1.7

Action                   |  1- 3 |  4- 6 |  7- 9 || total
-------------------------+-------+-------+-------++-------
Melee: War axe           |   114 |   209 |   241 ||   564
       Battleaxe         |       |       |    62 ||    62
Throw: Throwing net      |       |     1 |     5 ||     6
  Use: Scroll            |     3 |     9 |     8 ||    20
       Potion            |     1 |       |     9 ||    10
 Stab: Sleeping          |     1 |       |     2 ||     3
       Held in net/web   |       |     2 |     2 ||     4
       Invisible         |       |       |     8 ||     8
       Distracted        |       |       |     2 ||     2
  Eat: Chunk             |     2 |     3 |     8 ||    13
       Ration            |       |     1 |       ||     1
Armor: Leather armour    |     3 |       |       ||     3
       Ring mail         |    37 |    82 |    89 ||   208
Dodge: Dodged            |    87 |   151 |   256 ||   494
